 Dungeon Crawl Stone Soup version 0.29-a0-284-gf9362112df (console) character file.

Game seed: 12050184932548670148

35 petzl the Vexing (level 3, 0/26 HPs)
             Began as a Formicid Arcane Marksman on Mar 19, 2022.
             Slain by a kobold
             ... wielding a +3 short sword
              (5 damage)
             ... on level 1 of the Dungeon.
             The game lasted 00:04:37 (1304 turns).

petzl the Vexing (Formicid Arcane Marksman)         Turns: 1304, Time: 00:04:38

Health: 0/26       AC:  2    Str: 14    XL:     3   Next: 52%
Magic:  4/5        EV: 12    Int: 14    God:
Gold:   77         SH:  0    Dex: 11    Spells: 4/5 levels left

rFire   . . .      SeeInvis +   a - +0 hand crossbow
rCold   . . .      Faith    .   (no shield)
rNeg    . . .      Spirit   .   b - +0 robe
rPois   .          Reflect  .   (helmet unavailable)
rElec   .          Harm     .   (no cloak)
rCorr   .          Rampage  .   (no gloves)
Will    .....                   (no boots)
Stlth   ++........              (no amulet)
HPRegen 0.08/turn               (no ring)
MPRegen 0.09/turn               (no ring)

@: no status effects
A: permanent stasis, dig shafts and tunnels, antennae 3, four strong arms
a: Dig, Shaft Self


You were on level 1 of the Dungeon.
You visited 1 branch of the dungeon, and saw 2 of its levels.

You collected 77 gold pieces.

Inventory:

Hand Weapons
 a - a +0 hand crossbow (weapon)
Armour
 b - a +0 robe (worn)
Scrolls
 c - a scroll of vulnerability
 e - a scroll of identify {unknown}
 f - a scroll of enchant armour {unknown}
Potions
 d - a potion of flight {unknown}
 g - 2 potions of heal wounds {unknown}
 h - a potion of ambrosia {unknown}


   Skills:
 + Level 1.6 Fighting
 + Level 2.4 Crossbows
 + Level 0.9 Armour
 + Level 2.1 Dodging
 + Level 1.2 Stealth
 + Level 1.5 Spellcasting
 - Level 3.6 Hexes


You had 4 spell levels left.
You knew the following spells:

 Your Spells              Type           Power      Damage    Failure   Level
a - Slow                  Hex            44%        N/A       5%          1

Your spell library contained the following spells:

 Spells                   Type           Power      Damage    Failure   Level
 Inner Flame              Hex/Fire       6%         N/A       34%         3
 Portal Projectile        Hex/Tloc       12%        N/A       34%         3
 Cause Fear               Hex            5%         N/A       50%         4


Dungeon Overview and Level Annotations

Branches:
Dungeon (2/15)

Altars:

Shops:
D:1 [


Innate Abilities, Weirdness & Mutations

You cannot be hasted, slowed, berserked, paralysed or teleported.
You can dig through walls and to a lower floor.
You have a pair of large antennae on your head. (SInv)
Your four strong arms can wield two-handed weapons with a shield.


Message History

There is an open door here.
A kobold comes into view. It is wielding a +3 short sword.
A kobold is nearby!
A kobold is nearby!
A kobold is nearby!
A kobold is nearby!
A kobold is nearby!
You shoot a bolt. The bolt closely misses the kobold.
You shoot a bolt. The bolt closely misses the kobold.
No target in view!
No target in view!
No target in view!
No target in view!
No target in view!
No target in view!
A kobold is nearby!
You shoot a bolt. The bolt closely misses the kobold.
You shoot a bolt. The bolt closely misses the kobold.
The kobold hits you with a +3 short sword.
You shoot a bolt. The bolt closely misses the kobold.
The kobold hits you with a +3 short sword!
You shoot a bolt. The bolt closely misses the kobold.
The kobold hits you with a +3 short sword.
The kobold closely misses you.
You shoot a bolt. The bolt completely misses the kobold.
The kobold barely misses you.
You shoot a bolt. The bolt hits the kobold.
The kobold is moderately wounded.
The kobold hits you with a +3 short sword. x2
* * * LOW HITPOINT WARNING * * *
You are too injured to fight recklessly!
You are too injured to fight recklessly!
You are too injured to fight recklessly!
Casting: Slow (safe; 5% risk of failure)
Confirm with . or Enter, or press ? or * to list all spells.
Aiming: Slow (safe; 5% risk of failure)
Press: ? - help, Shift-Dir - straight line, f/p - kobold
Aim: a kobold, wielding a +3 short sword (moderately wounded, chance to affect: 67%)
The kobold struggles to resist.
The kobold hits you with a +3 short sword.
You die...

...# # ##.##.# ##....#### ..........
.......... ########## ####### #.....#
.......# #.....# .......# #.....#
......#+###### #.....# #............
################.....# #............
.....................# #............
..............)......######............
...............#...##..##..............
....^..........#...##..##K.........)...
...............#.##).##.@##............
...............#.##).##..##.###########
...............#...##).##...#
##########'#####...##.<##...# # #.#
#.##..##..##.# # #.# #.##..##..##.# # #.#
#...##..##...# # #####.# #...##..##...#
#.....#####....##......########
#.....'.............[.........#
#.....#########...........)...###########
####### #.........................####
#..................######.....
##...)........................
#...P.......P...P............
#.>..♣♣♣...♣♣♣..P♣♣♣...♣♣♣P.. ##..P♣
♣...♣ ♣P..♣ ♣P..♣ ♣...
#...♣♣♣P..♣♣♣...♣♣♣...♣♣♣...
#......P...........P...PP...


You could see a kobold.

Vanquished Creatures
  A worm (D:2)
  A dart slug (D:1)
  2 endoplasms (D:1)
  2 giant cockroaches
  5 goblins (D:1)
  3 hobgoblins (D:1)
  7 kobolds (D:1)
  4 ball pythons (D:1)
  2 bats (D:1)
  3 rats (D:1)
30 creatures vanquished.

Vanquished Creatures (others)
  70 plants (D:1)
70 creatures vanquished.

Grand Total: 100 creatures vanquished

Notes
Turn   | Place    | Note
-------+----------+-------------------------------------------
     0 | D:1      | petzl the Formicid Arcane Marksman began the quest for the
                  | Orb.
     0 | D:1      | Reached XP level 1. HP: 15/15 MP: 2/2
    37 | D:1      | You fall into a shaft and drop 1 floor!
   281 | D:2      | Reached XP level 2. HP: 10/21 MP: 0/3
   451 | D:1      | Found Bolupsaj's Antique Armour Emporium.
   767 | D:1      | Reached skill level 1 in Stealth
   798 | D:1      | Reached XP level 3. HP: 26/26 MP: 3/5
  1304 | D:1      | Slain by a kobold

Illustrated notes

Levels and vault maps discovered:
D:1:      lightli_iron_boxes, layout_basic, serial_shops, shop,
          nrook_loot_triangle, kennysheep_boxes
D:2:      layout_basic, uniq_robin

Skill      XL: |  1  2 |
---------------+-------+-----
Dodging        | 2 |  2.1
Stealth        | 1 |  1.2
Fighting       | |  1.6
Crossbows      | |  2.4
Armour         | |  0.9
Spellcasting   | |  1.5
Hexes          | |  3.6

Action                   || total
-------------------------++-------
 Fire: Hand crossbow     ||   118
 Cast: Slow              ||     5
 Abil: Shaft Self        ||     1
Armor: Robe              ||    14
Dodge: Dodged            ||    46

Table legend: (Time is in decaauts)
 A = Elapsed time spent in this place.
 B = Non-inter-level travel time spent in this place.
 C = Inter-level travel time spent in this place.
 D = Time resting spent in this place.
 E = Time spent auto-exploring this place.
 F = Levels seen in this place.
 G = Mean time per level.
                   A        B        C        D        E       F      G
               +--------+--------+--------+--------+--------+-----+--------+
         Total |   1350 |   1350 |      0 |    678 |    393 |   2 |  675.0 |
       Dungeon |   1350 |   1350 |      0 |    678 |    393 |   2 |  675.0 |
               +--------+--------+--------+--------+--------+-----+--------+

Top non-repeatable levels by time:
     D:1: 931 daAuts
     D:2: 419 daAuts
